 Dungeon Crawl Stone Soup version 0.31-a0-1160-gf211197 (webtiles) character file.

Game seed: 9129618637090660060

42 rhdgurwns the Scratcher (level 3, 18/18 HPs)
             Began as a Felid Shapeshifter on Dec 8, 2023.
             Got out of the dungeon alive.
             The game lasted 00:03:49 (1206 turns).

rhdgurwns the Scratcher (Felid Shapeshifter)        Turns: 1206, Time: 00:03:49

Health: 18/18      AC:  1    Str: 10    XL:     3   Next: 33%
Magic:  4/4        EV: 18    Int: 13    God:
Gold:   84         SH:  0    Dex: 17    Spells: 2/2 levels left
                                        Lives:  0   Deaths: 1

rFire   . .          .
                       - Unarmed
rCold   . . .        (shield unavailable)
rNeg    . . .        (body armour unavailable)
rPois   .            (helmet unavailable)
rElec   .            (cloak unavailable)
rCorr   .            (gloves unavailable)
SInv    +            (boots unavailable)
Will    .....        (no amulet)
Stlth   ++           (no ring)
HPRegen 0.23/turn    (no ring)
MPRegen 0.09/turn

%: no passive effects
@: beast-form
A: beast (slay +1), very small, claws 1, fangs 3, see invisible, shaggy fur 1,
stealthy paws, no weapons or thrown items, no armour, multi-lived
a: Begin Untransformation


You escaped.
You were a hulking beast.
You visited 1 branch of the dungeon, and saw 3 of its levels.

You collected 84 gold pieces.

Inventory:

Talismans
 b - a beast talisman
 c - a flux talisman
 i - a maw talisman
Scrolls
 d - a scroll of teleportation {unknown}
 e - a scroll of noise {unknown}
 h - a scroll of butterflies {unknown}
 j - a scroll of identify {unknown}
Potions
 a - a potion of lignification
 f - a potion of might {unknown}
 g - a potion of haste {unknown}
 k - a potion of degeneration {unknown}


   Skills:
 + Level 1.7 Fighting
 + Level 3.3 Dodging
 + Level 1.3 Stealth
 + Level 3.3 Unarmed Combat
 + Level 3.0 Shapeshifting


You had 2 spell levels left.
You didn't know any spells.
Your spell library contained the following spells:

 Spells                   Type           Power      Damage    Failure   Level
 Ensorcelled Hibernation  Hex/Ice        0%         N/A       43%         2
 Passwall                 Tmut/Erth      0%         N/A       43%         2
 Swiftness                Air            0%         N/A       67%         3


Dungeon Overview and Level Annotations

Branches:
Dungeon (3/15)

Altars:

Shops:
D:3 *

Annotations:
D:2 Terence


Innate Abilities, Weirdness & Mutations

You are a hulking beast.
Your limbs bulge with bestial killing power. (Slay +1)
You have sharp claws.
You have razor-sharp teeth.
You have supernaturally acute eyesight. (SInv)
You are covered in fur. (AC +1)
Your paws help you pounce on unaware monsters.
You are incapable of wielding weapons or throwing items.
You cannot wear armour.
You gain extra lives every three experience levels.


Message History

Terence attacks as he pursues you! Terence closely misses you.
There is a stone staircase leading up here.
Terence attacks as he pursues you! Terence hits you but does no damage.
Terence attacks as he pursues you! Terence hits you with a +0 mace.
Terence attacks as he pursues you! Terence hits you with a +0 mace!
You die...
Your shape twists and changes as you die.
You rejoin the land of the living...
There is a stone staircase leading down here.
You climb downwards.
There is a stone staircase leading up here.
You see here a rat corpse.
A hobgoblin comes into view.
A hobgoblin is nearby!
A hobgoblin is nearby!
A hobgoblin is nearby!
A hobgoblin is nearby!
A hobgoblin is nearby!
A hobgoblin is nearby!
A hobgoblin is nearby!
A hobgoblin is nearby!
A hobgoblin is nearby!
A hobgoblin is nearby!
A hobgoblin is nearby!
Unknown command.
Are you sure you want to abandon this character and quit the game? (Confirm with "yes".)
Okay, then.
A hobgoblin is nearby!
You can't go up here!
You see here a rat corpse.
There is a stone staircase leading up here.
You climb upwards.
Level annotation: Terence
There is a stone staircase leading down here.
There is a stone staircase leading up here.
You climb upwards.
There is a stone staircase leading down here.
There is an open gate here.
There is a staircase leading out of the dungeon here.
You have escaped!

#............................
#............................
#......#####.................
#......#...#.................
#......#.8.#######...........
#......#.........#..♣.♣.♣.♣..
#......##........##..........
#..⌠....#.........'..........
#...⌠...#...h.....'..........
#..⌠....#.........'..........
#......##........##..........
#......#.........#..♣.♣.♣.♣..
#......#.8.#######...........
#......#...#.................
#......#####.................
#............................
#............................


There were no monsters in sight!

Vanquished Creatures
  2 adders
  A worm (D:2)
  2 dart slugs (D:1)
  2 giant cockroaches
  A goblin (D:1)
  A hobgoblin (D:3)
  3 quokkas (D:2)
  A ball python (D:1)
  2 bats
  A kobold (D:3)
  2 rats (D:3)
18 creatures vanquished.

Notes
Turn   | Place    | Note
-------+----------+-------------------------------------------
     0 | D:1      | rhdgurwns the Felid Shapeshifter began the quest for the
                  | Orb.
     0 | D:1      | Reached XP level 1. HP: 10/10 MP: 2/2
   285 | D:1      | Reached XP level 2. HP: 14/14 MP: 3/3
   910 | D:2      | Reached skill level 1 in Stealth
   924 | D:2      | Noticed Terence
  1114 | D:3      | Found Hinast's General Store.
  1120 | D:3      | Reached XP level 3. HP: 15/18 MP: 4/4
  1154 | D:2      | Slain by Terence
  1206 | D:$      | Got out of the dungeon alive.

Illustrated notes

Levels and vault maps discovered:
D:1:      wander_arrival_estate, layout_basic
D:2:      layout_basic, dreamdust_ecumenical_altar_angels_and_demons,
          uniq_robin, uniq_terence
D:3:      kb_forest_paths, layout_rooms,
          mainiacjoe_overflow_concentric_impassable,
          nicolae_qazlal_eye_of_the_storm, xom_butterflies, serial_shops,
          nicolae_square_shop

Skill      XL: |  1  2  3 |
---------------+----------+-----
Dodging        | 3 |  3.3
Stealth        | 1 |  1.3
Shapeshifting  | 3 |  3.0
Fighting       | |  1.7
Unarmed Combat | |  3.3

Action                     || total
---------------------------++-------
  Melee: Unarmed           ||    49
         Bite              ||     2
   Stab: Sleeping          ||     1
 Armour: Skin              ||    26
  Dodge: Dodged            ||    60

Table legend: (Time is in decaauts)
 A = Elapsed time spent in this place.
 B = Non-inter-level travel time spent in this place.
 C = Inter-level travel time spent in this place.
 D = Time resting spent in this place.
 E = Time spent auto-exploring this place.
 F = Levels seen in this place.
 G = Mean time per level.
                   A        B        C        D        E       F      G
               +--------+--------+--------+--------+--------+-----+--------+
         Total |   1205 |   1135 |     70 |      0 |    792 |   3 |  401.7 |
       Dungeon |   1205 |   1135 |     70 |      0 |    792 |   3 |  401.7 |
               +--------+--------+--------+--------+--------+-----+--------+

Top non-repeatable levels by time:
     D:1: 769 daAuts
     D:2: 403 daAuts
     D:3: 32 daAuts
